 Dungeon Crawl Stone Soup version 0.21.1-1-g345015fe64 (webtiles) character file.

48440 Sephro the Fighter (level 14, -8/108 HPs)
             Began as a Demonspawn Gladiator on July 26, 2018.
             Was a High Priest of Hepliaklqana.
             Mangled by a two-headed ogre
             ... wielding a +0 giant club
              (11 damage)
             ... on level 2 of the Orcish Mines on July 27, 2018.
             The game lasted 01:20:17 (21359 turns).

Sephro the Fighter (Demonspawn Gladiator)          Turns: 21359, Time: 01:20:17

Health: -8/108     AC: 22    Str: 25    XL:     14   Next: 12%
Magic:  0/17       EV: 10    Int: 10    God:    Hepliaklqana [*****.]
Gold:   821        SH:  0    Dex: 15    Spells: 17/17 levels left

rFire    . . .     SeeInvis .   y - +9 battleaxe of Cenun {flame, Str+3}
rCold    . . .     Gourm    .   (shield currently unavailable)
rNeg     + . .     Faith    .   l - +1 plate armour
rPois    +         Spirit   +   (helmet restricted)
rElec    .         Reflect  .   t - scarf {repulsion}
rCorr    .         Harm     .   A - +2 pair of gloves
MR       ++++.     Clarity  +   d - +0 pair of boots
Stlth    ..........             h - amulet of the Four Winds {rN+ MR+++ Clar}
HPRegen  0.28/turn              H - +3 ring of strength
MPRegen  0.30/turn              D - ring of poison resistance

@: repel missiles
A: reduced essence, horns 2, icy blue scales 1, demonic guardian 2, magic
shield, magic regeneration
a: Recall Ancestor, Ancestor Identity, Transference, Idealise, Renounce Religion


You were on level 2 of the Orcish Mines.
You worshipped Hepliaklqana.
Hepliaklqana was extremely pleased with you.
You were not hungry.

You visited 3 branches of the dungeon, and saw 18 of its levels.
You also visited: Ice Cave.

You collected 1400 gold pieces.
You spent 579 gold pieces at shops.

Inventory:

Hand Weapons
 y - the +9 battleaxe of Cenun (weapon) {flame, Str+3}
   (You found it on level 14 of the Dungeon)

   It has been specially enchanted to burn those struck by it, causing extra
   injury to most foes and up to half again as much damage against particularly
   susceptible opponents.
   Big, fiery blades are also staple armaments of hydra-hunters.
   It affects your strength (+3).
 P - a +1 battleaxe of freezing
Missiles
 v - 6 poisoned tomahawks (quivered)
 Z - 7 tomahawks
Armour
 d - a +0 pair of boots (worn)
 l - a +1 plate armour (worn)
 t - a scarf of repulsion (worn)
 A - a +2 pair of gloves (worn)
 S - a +0 troll leather armour
Jewellery
 h - the amulet of the Four Winds (around neck) {rN+ MR+++ Clar}
   (You found it in an ice cave)

   [amulet of nothing]

   It protects you from negative energy.
   It affects your resistance to hostile enchantments.
   It protects you against confusion.
 x - a cursed ring of loudness {unknown}
 D - a ring of poison resistance (right hand)
 G - an uncursed ring of resist corrosion
 H - a +3 ring of strength (left hand)
Wands
 b - a wand of paralysis (13)
 c - a wand of scattershot (5)
 u - a wand of acid (5)
 B - a wand of polymorph (7)
Scrolls
 a - a scroll of fog
 e - 7 scrolls of remove curse
 g - a scroll of enchant armour
 i - a scroll of amnesia
 j - a scroll of torment {unknown}
 k - a scroll of immolation
 n - 9 scrolls of teleportation
 p - 3 scrolls of fear
 z - 3 scrolls of vulnerability {unknown}
 I - a scroll of noise {unknown}
 J - a scroll of holy word {unknown}
 K - a scroll of brand weapon {unknown}
 L - a scroll of random uselessness {unknown}
 Q - 4 scrolls of identify
 T - a scroll of enchant weapon
 X - a scroll of acquirement {unknown}
 Y - a scroll of blinking
Potions
 m - 3 potions of resistance
 o - 5 potions of curing
 q - a potion of agility
 r - a potion of haste {unknown}
 s - 3 potions of flight
 C - a potion of heal wounds
 M - 2 potions of might
 N - a potion of invisibility {unknown}
 R - 2 potions of brilliance
 V - 2 potions of berserk rage {unknown}
Books
 w - a book of Minor Magic

   Spells                             Type                      Level
   a - Magic Dart                     Conjuration                  1
   b - Blink                          Translocation                2
   c - Call Imp                       Summoning                    2
   d - Slow                           Hexes                        2
   e - Conjure Flame                  Conjuration/Fire             3
   f - Mephitic Cloud                 Conjuration/Poison/Air       3
 E - a book of Power

   Spells                             Type                      Level
   a - Iskenderun's Battlesphere      Conjuration/Charms           5
   b - Venom Bolt                     Conjuration/Poison           5
   c - Bolt of Magma                  Conjuration/Fire/Earth       5
   d - Iron Shot                      Conjuration/Earth            6
   e - Orb of Destruction             Conjuration                  7
   f - Spellforged Servitor           Conjuration/Summoning        7
 F - a book of Minor Magic

   Spells                             Type                      Level
   a - Magic Dart                     Conjuration                  1
   b - Blink                          Translocation                2
   c - Call Imp                       Summoning                    2
   d - Slow                           Hexes                        2
   e - Conjure Flame                  Conjuration/Fire             3
   f - Mephitic Cloud                 Conjuration/Poison/Air       3
 O - a book of Flames

   Spells                             Type                      Level
   a - Flame Tongue                   Conjuration/Fire             1
   b - Throw Flame                    Conjuration/Fire             2
   c - Conjure Flame                  Conjuration/Fire             3
   d - Inner Flame                    Hexes/Fire                   3
   e - Sticky Flame                   Conjuration/Fire             4
   f - Fireball                       Conjuration/Fire             5
 W - a book of Misfortune

   Spells                             Type                      Level
   a - Confusing Touch                Hexes                        1
   b - Confuse                        Hexes                        3
   c - Gell's Gravitas                Translocation                3
   d - Petrify                        Transmutation/Earth          4
   e - Metabolic Englaciation         Hexes/Ice                    5
   f - Yara's Violent Unravelling     Hexes/Transmutation          5
Comestibles
 f - 30 rations


   Skills:
 + Level 14.6 Fighting
 * Level 14.0 Axes
 - Level 1.8 Throwing
 * Level 10.3 Armour
 + Level 5.3 Dodging
 + Level 2.3 Spellcasting


You had 17 spell levels left.
You didn't know any spells.

Dungeon Overview and Level Annotations

Branches:
Dungeon (15/15)            Temple (0/1) D:7            Lair (0/6) D:10
    Orc (2/2) D:12         Vaults (0/5) D:13         Depths (1/5) D:15
    Elf: Orc:2

Altars:
Dithmenos
Elyvilon
Gozag
Hepliaklqana
Okawaru
Qazlal
Sif Muna
Vehumet
Wu Jian
Xom

Shops:
D:4 }[*   D:5 *   D:15 [   Orc:1 %


Innate Abilities, Weirdness & Mutations

You have a pair of horns on your head.
You are partially covered in icy blue scales. (AC +2)
A demonic guardian rushes to your aid.
When hurt, damage is shared between your health and your magic reserves.
You regenerate magic rapidly.
Your life essence is reduced to manifest your ancestor. (-10% HP)


Message History

Your orange demon completely misses something.
Your orange demon barely misses something.
A magic dart appears from out of thin air!
The magic dart hits your orange demon.
Reactivating autopickup.
You feel a bit more experienced. The ogre closely misses you.
The ogre mage gestures wildly while chanting.
The ogre mage blinks!
The troll bites your orange demon! The troll claws your orange demon. x2
You slice the ogre!! You burn the ogre.
You headbutt the ogre, but do no damage.
The ogre is almost dead.
You slash the two-headed ogre! You burn the two-headed ogre.
You slash the two-headed ogre! You burn the two-headed ogre. You hit the ogre.
You burn the ogre. The ogre hits you with a giant club!
* * * LOW HITPOINT WARNING * * *
The two-headed ogre hits you with a giant club.
* * * LOW HITPOINT WARNING * * *
The two-headed ogre hits you with a giant spiked club!
You die...

#...#......#
##.O..#<.)))#
#.T.{..))))O..O...
##4o..............O
#..oOO.......#.....
##OOoO........##....
#.OO.OO.$.....# ##..
##OOOO.....#... #
#.#@O.....##....
#...##....#. ##..
...#.. ##. ..#... ..
###.. #. . ##


You could see 4 two-headed ogres, 2 ogre magi, a troll, 2 orc warriors, 9 ogres,
an orc and a friendly orange demon.

Vanquished Creatures
  A frost giant (IceCv)
  An ettin (D:15)
  A hydra (D:15)
  6 vault guards (D:13)
  A centaur warrior (D:14)
  5 two-headed ogres
  2 tengu warriors (D:15)
  Urug (D:13)
  A deep elf knight (D:15)
  An unseen horror (D:14)
  2 orc knights
  A manticore (D:14)
  A harpy (shapeshifter) (D:15)
  A cyclops (D:15)
  An orc sorcerer (D:15)
  4 ugly things
  2 gargoyles
  A rime drake (IceCv)
  4 kobold demonologists
  3 trolls
  9 polar bears (IceCv)
  A hippogriff (D:13)
  A centaur simulacrum (D:15)
  3 vampires
  A wyvern (D:14)
  2 wraiths (D:14)
  18 yaks
  6 hogs
  A human (D:7)
  A hungry ghost (D:11)
  4 vampire mosquitoes (D:15)
  2 wargs
  A black bear (D:12)
  14 orc warriors
  A sky beast (D:12)
  An eye of draining (D:11)
  A hornet zombie (D:9)
  2 phantoms
  8 ogres
  16 centaurs
  7 wolves (IceCv)
  A crocodile (D:13)
  3 big kobolds
  5 bullfrogs
  A wyvern skeleton (D:14)
  2 scorpions
  5 wights (D:10)
  9 howler monkeys
  5 crimson imps
  2 centaur zombies
  A quasit (D:6)
  4 jellies
  9 orc priests
  4 orc wizards
  8 hounds
  3 iguanas
  13 worker ants
  A hound skeleton (D:9)
  A worker ant zombie (D:10)
  A howler monkey skeleton (D:5)
  13 adders
  8 gnolls
  A shadow imp (D:15)
  12 white imps (D:11)
  An ooze (D:4)
  2 adder zombies (D:5)
  4 worms
  4 dart slugs
  4 leopard geckos
  54 orcs
  8 giant cockroaches
  5 goblins
  6 hobgoblins
  7 jackals
  4 quokkas
  4 bats
  3 frilled lizards
  10 kobolds
  A leopard gecko zombie (D:6)
  5 rats
374 creatures vanquished.

Vanquished Creatures (collateral kills)
  Gastronok (D:10)
  Kirke (D:13)
  Nessos (D:13)
  2 vault guards (D:13)
  A death knight (D:12)
  3 centaur warriors
  2 two-headed ogres
  A tengu warrior (D:14)
  A death yak (IceCv)
  3 wizards (D:10)
  An orc knight (Orc:2)
  An orc sorcerer (D:10)
  4 ugly things
  A cyclops (D:14)
  A centaur zombie (D:10)
  A centaur skeleton (D:14)
  A rime drake (IceCv)
  A tengu conjurer (D:14)
  A troll (D:9)
  5 polar bears (IceCv)
  2 hippogriffs
  Sigmund (D:3)
  A shadow (D:12)
  11 yaks
  A wyvern (D:15)
  4 hogs
  The ghost of Bnni the Shield-Bearer, an amateur FoFi of the Shining One (D:3)
  A vampire mosquito (D:15)
  A black bear (D:10)
  A phantom (D:12)
  2 orc warriors
  A necrophage (D:8)
  2 ogres
  7 wolves (IceCv)
  2 centaurs
  A big kobold (D:13)
  4 bullfrogs
  A gnoll sergeant (D:9)
  A wyvern zombie (D:6)
  A scorpion (D:13)
  3 howler monkeys
  2 bullfrog zombies
  2 hounds
  An orc priest (D:11)
  3 orc wizards
  2 bullfrog skeletons
  An iguana (D:11)
  A worker ant (D:7)
  A hound skeleton (D:10)
  A gnoll (D:9)
  3 adders
  A shadow imp (D:10)
  A leopard gecko (D:11)
  16 orcs
  2 jackals (D:6)
  A quokka (D:9)
  3 bats (D:3)
  3 kobolds
126 creatures vanquished.

Vanquished Creatures (others)
  11 hexers
  4 ancestors
15 creatures vanquished.

Grand Total: 515 creatures vanquished

Notes
Turn   | Place    | Note
-------+----------+-------------------------------------------
     0 | D:1      | Sephro the Demonspawn Gladiator began the quest for the Orb.
     0 | D:1      | Reached XP level 1. HP: 16/16 MP: 1/1
   834 | D:2      | Gained mutation: A weak demonic guardian rushes to your aid. [demonic ancestry]
   834 | D:2      | Reached XP level 2. HP: 12/22 MP: 2/2
  1172 | D:2      | Gained mutation: You are partially covered in icy blue scales. (AC +2) [demonic ancestry]
  1172 | D:2      | Reached XP level 3. HP: 28/28 MP: 3/3
  1217 | D:2      | Found a stormy altar of Qazlal.
  2531 | D:3      | Gained mutation: A demonic guardian rushes to your aid. [demonic ancestry]
  2531 | D:3      | Reached XP level 4. HP: 27/34 MP: 4/4
  2607 | D:3      | Noticed a bullfrog
  2613 | D:3      | Killed a bullfrog
  2613 | D:3      | Reached skill level 1 in Armour
  2679 | D:3      | Noticed Sigmund
  2687 | D:3      | Killed Sigmund
  2687 | D:3      | Reached XP level 5. HP: 35/41 MP: 5/5
  2767 | D:3      | HP: 3/63 [gnoll/spear of flaming (1)]
  3059 | D:3      | Found a deep blue altar of Sif Muna.
  3305 | D:3      | Reached XP level 6. HP: 48/48 MP: 6/6
  3509 | D:3      | Noticed Bnni's ghost (amateur FoFi)
  3516 | D:3      | Killed Bnni's ghost
  4045 | D:4      | Found Sonacrav's Antique Armour Shoppe.
  4061 | D:4      | Bought a cloak for 99 gold pieces
  4317 | D:4      | Found Ifoled's Assorted Antiques.
  4769 | D:4      | Found Emniklos's Gadget Boutique.
  4806 | D:5      | Entered Level 5 of the Dungeon
  4871 | D:5      | Reached XP level 7. HP: 50/55 MP: 7/7
  5025 | D:5      | Reached skill level 5 in Axes
  5168 | D:5      | Found Wosa's Assorted Antiques.
  5190 | D:5      | Reached skill level 5 in Fighting
  5346 | D:6      | Found an ornate altar of the Wu Jian Council.
  5484 | D:6      | Found a hazy altar of Hepliaklqana.
  5655 | D:6      | Became a worshipper of Hepliaklqana the Forgotten
  5869 | D:6      | Reached XP level 8. HP: 56/57 MP: 8/8
  6361 | D:7      | Noticed a hippogriff
  6370 | D:7      | Killed a hippogriff
  6581 | D:7      | Reached * piety under Hepliaklqana
  6605 | D:7      | Found a staircase to the Ecumenical Temple.
  6672 | D:7      | Reached XP level 9. HP: 37/64 MP: 9/9
  7911 | D:8      | Found an opulent altar of Gozag.
  7911 | D:8      | Found a shadowy altar of Dithmenos.
  8361 | D:8      | Reached skill level 5 in Armour
  8457 | D:8      | Found a radiant altar of Vehumet.
  8515 | D:9      | Noticed a troll
  8524 | D:9      | Killed a troll
  8679 | D:9      | Reached ** piety under Hepliaklqana
  8680 | D:9      | Remembered your ancestor Amnanu as a hexer
  8813 | D:9      | Noticed a two-headed ogre
  8818 | D:9      | Killed a two-headed ogre
  8934 | D:9      | Gained mutation: You have a pair of small horns on your head. [demonic ancestry]
  8934 | D:9      | Reached XP level 10. HP: 74/74 MP: 10/10
  8994 | D:9      | Found an iron altar of Okawaru.
  9470 | D:10     | Entered Level 10 of the Dungeon
  9472 | D:10     | Noticed a wizard
  9473 | D:10     | Noticed a wizard
  9475 | D:10     | Noticed a wizard
  9479 | D:10     | Killed a wizard
  9481 | D:10     | Noticed an orc sorcerer
  9483 | D:10     | Killed a wizard
  9484 | D:10     | Noticed a two-headed ogre
  9485 | D:10     | Killed a wizard
  9486 | D:10     | Noticed Gastronok
  9834 | D:10     | Killed a two-headed ogre
  9834 | D:10     | Reached skill level 10 in Fighting
  9842 | D:10     | Killed Gastronok
  9843 | D:10     | Killed an orc sorcerer
  9844 | D:10     | Reached skill level 10 in Axes
 10145 | D:10     | Gained mutation: When hurt, damage is shared between your health and your magic reserves. [demonic ancestry]
 10145 | D:10     | Reached XP level 11. HP: 75/82 MP: 11/11
 10338 | D:10     | Found a staircase to the Lair.
 10574 | D:10     | Reached *** piety under Hepliaklqana
 10899 | D:11     | Found a frozen archway.
 11005 | IceCv    | Entered an ice cave
 11082 | IceCv    | Found the amulet of the Four Winds {rN+ MR+++ Clar}
 11625 | IceCv    | Noticed a death yak
 11634 | IceCv    | Killed a death yak
 12505 | IceCv    | Noticed a frost giant
 12517 | IceCv    | Killed a frost giant
 12525 | IceCv    | Reached XP level 12. HP: 50/91 MP: 6/12
 14216 | D:12     | Noticed a death knight
 14224 | D:12     | Killed a death knight
 14488 | D:12     | Found a white marble altar of Elyvilon.
 15052 | D:12     | Found a staircase to the Orcish Mines.
 15431 | D:13     | Reached **** piety under Hepliaklqana
 15650 | D:13     | Noticed a centaur warrior
 15658 | D:13     | Killed a centaur warrior
 15700 | D:13     | Noticed Urug
 15710 | D:13     | Noticed a centaur warrior
 15713 | D:13     | Killed Urug
 15716 | D:13     | Killed a centaur warrior
 15735 | D:13     | Noticed a vault guard
 15744 | D:13     | Noticed a vault guard
 15753 | D:13     | Killed a vault guard
 15756 | D:13     | Killed a vault guard
 15795 | D:13     | Noticed a vault guard
 15800 | D:13     | Killed a vault guard
 15937 | D:13     | Noticed a vault guard
 15948 | D:13     | Killed a vault guard
 15975 | D:13     | Noticed a vault guard
 15979 | D:13     | Noticed a vault guard
 15982 | D:13     | Killed a vault guard
 15992 | D:13     | Killed a vault guard
 15992 | D:13     | Gained mutation: You regenerate magic rapidly. [demonic ancestry]
 15992 | D:13     | Reached XP level 13. HP: 32/99 MP: 7/13
 16542 | D:13     | Found a shimmering altar of Xom.
 16750 | D:13     | Found a gate to the Vaults.
 16785 | D:13     | Noticed Nessos
 16811 | D:13     | Noticed Kirke
 16815 | D:13     | Killed Nessos
 17164 | D:13     | Killed Kirke
 17940 | D:14     | Got a jewelled battleaxe
 18056 | D:14     | Identified the +9 battleaxe of Cenun {flame, Str+3} (You found it on level 14 of the Dungeon)
 18707 | D:15     | Entered Level 15 of the Dungeon
 19257 | D:15     | Found Gani's Armour Emporium.
 19383 | D:15     | Reached skill level 1 in Spellcasting
 19646 | D:15     | Noticed an ettin
 19649 | D:15     | Reached skill level 10 in Armour
 19651 | D:15     | Reached skill level 5 in Dodging
 19652 | D:15     | Killed an ettin
 19734 | D:15     | Found a staircase to the Depths.
 20007 | Depths:1 | Entered Level 1 of the Depths
 20007 | Depths:1 | Noticed a frost giant
 20007 | Depths:1 | Noticed a stone giant
 20007 | Depths:1 | Noticed a stone giant
 20527 | Orc:1    | Entered Level 1 of the Orcish Mines
 20549 | Orc:1    | Gained mutation: You have a pair of horns on your head. [demonic ancestry]
 20549 | Orc:1    | Reached XP level 14. HP: 59/108 MP: 11/16
 21272 | Orc:1    | Found Beghot's Food Boutique.
 21283 | Orc:1    | Bought a ration for 60 gold pieces
 21283 | Orc:1    | Bought a ration for 60 gold pieces
 21283 | Orc:1    | Bought a ration for 60 gold pieces
 21283 | Orc:1    | Bought a ration for 60 gold pieces
 21283 | Orc:1    | Bought a ration for 60 gold pieces
 21283 | Orc:1    | Bought a ration for 60 gold pieces
 21283 | Orc:1    | Bought a ration for 60 gold pieces
 21283 | Orc:1    | Bought a ration for 60 gold pieces
 21328 | Orc:2    | Entered Level 2 of the Orcish Mines
 21352 | Orc:2    | Reached ***** piety under Hepliaklqana
 21359 | Orc:2    | HP: 3/108 [two-headed ogre/giant club (4)]
 21359 | Orc:2    | Mangled by a two-headed ogre

Skill      XL: |  1  2  3  4  5  6  7  8  9 10 11 12 13 14 |
---------------+-------------------------------------------+-----
Axes           | 3 4 5 7 8 10 11 12 13 14 | 14.0
Dodging        | 3 4 5 |  5.3
Fighting       | 3 4 5 7 9 10 12 13 14 | 14.6
Armour         | 1 2 3 4 5 6 7 9 10 | 10.3
Spellcasting   | 1 2 |  2.3
Throwing       | |  1.8

Action                   |  1- 3 |  4- 6 |  7- 9 | 10-12 | 13-15 || total
-------------------------+-------+-------+-------+-------+-------++-------
Melee: War axe           |   125 |   180 |   244 |   244 |       ||   793
       Headbutt          |       |       |       |   107 |    63 ||   170
       Battleaxe         |       |       |       |   173 |   265 ||   438
Throw: Throwing net      |       |       |     3 |       |       ||     3
       Tomahawk          |       |       |       |     5 |     3 ||     8
Invok: Ancestor Identity |       |       |     1 |     1 |       ||     2
       Ancestor Life: He |       |       |     1 |       |       ||     1
Evoke: Wand              |       |       |       |       |     2 ||     2
  Use: Potion            |       |     4 |       |     4 |     2 ||    10
       Scroll            |       |     7 |    10 |     5 |     4 ||    26
 Stab: Distracted        |       |       |     3 |    11 |     1 ||    15
       Confused          |       |       |       |     1 |     5 ||     6
  Eat: Chunk             |     5 |    17 |    17 |    20 |     7 ||    66
       Ration            |       |       |       |       |     3 ||     3
Armor: Leather armour    |    21 |       |       |       |       ||    21
       Plate armour      |    73 |   197 |   211 |   332 |   211 ||  1024
       Skin              |       |    32 |       |       |       ||    32
Dodge: Dodged            |    69 |    55 |   124 |   211 |   136 ||   595
       Deflected         |       |     2 |     6 |    23 |    17 ||    48
